 Dungeon Crawl Stone Soup version 0.30-a0-1053-gbd8d5ba0ad (webtiles) character file.

Game seed: 9987055930508895207

50 graymark the Chopper (level 3, -6/28 HPs)
             Began as a Demonspawn Gladiator on Apr 11, 2023.
             Mangled by Sigmund
             ... wielding a +1 scythe of venom
              (7 damage)
             ... on level 3 of the Dungeon.
             The game lasted 00:12:58 (1708 turns).

graymark the Chopper (Demonspawn Gladiator)         Turns: 1708, Time: 00:12:59

Health: -6/28      AC:  4    Str: 16    XL:     3   Next: 55%
Magic:  3/3        EV: 13    Int: 15    God:
Gold:   110        SH:  0    Dex: 20    Spells: 2/2 levels left

rFire   . . .      SeeInvis .    a - +0 war axe
rCold   . . .      Faith    .    (no shield)
rNeg    . . .      Spirit   .    b - +0 leather armour
rPois   .          Reflect  .    c - +0 helmet
rElec   .          Rampage  .    (no cloak)
rCorr   .                        (no gloves)
Will    .....                    (no boots)
Stlth   +                        (no amulet)
HPRegen 0.24/turn                i - +6 ring of intelligence
MPRegen 0.08/turn                m - +6 ring of dexterity

@: lethally poisoned (-6 -> -10)
A: weakness stinger 1
a: no special abilities


You were on level 3 of the Dungeon.
You visited 1 branch of the dungeon, and saw 3 of its levels.

You collected 110 gold pieces.

Inventory:

Hand Weapons
 a - a +0 war axe (weapon)
 g - a +2 dagger of speed
 o - a +1 dagger of electrocution
Missiles
 d - 2 throwing nets (quivered)
 h - 8 poisoned darts
Armour
 b - a +0 leather armour (worn)
 c - a +0 helmet (worn)
 j - an orb of energy
 k - a +0 ring mail
Jewellery
 i - a +6 ring of intelligence (left hand)
 m - a +6 ring of dexterity (right hand)
Scrolls
 f - 2 scrolls of identify {unknown}
 l - a scroll of noise {unknown}
 n - a scroll of poison {unknown}
 q - a scroll of fog {unknown}


   Skills:
 + Level 2.8 Fighting
 + Level 3.2 Axes
 - Level 1.7 Throwing
 + Level 3.2 Dodging


You had 2 spell levels left.
You didn't know any spells.
Your spell library contained the following spells:

 Spells                   Type           Power      Damage    Failure   Level
 Summon Small Mammal      Summ           0%         N/A       32%         1
 Call Canine Familiar     Summ           0%         N/A       69%         3
 Summon Guardian Golem    Hex/Summ       0%         N/A       69%         3


Dungeon Overview and Level Annotations

Branches:
Dungeon (3/15)

Altars:
Ashenzari

Annotations:
D:2 exclusion: 2 downstairs
D:3 Sigmund


Innate Abilities, Weirdness & Mutations

You have a small tail.


Message History

Sigmund struggles against the net.
Sigmund struggles against the net.
Sigmund struggles against the net.
Sigmund mumbles some strange words.
Sigmund flickers and vanishes!
Deactivating autopickup; reactivate with Ctrl-A.
Something wriggles in the net.
All of a sudden the net rips apart!
You slash something! You miss something. Something barely misses you.
You closely miss something.
You hear some strange, mumbled words.
A puff of flame appears from out of thin air!
The puff of flame hits you! Something hits you!
You are lethally poisoned!
* * * LOW HITPOINT WARNING * * *
You feel very sick.
It was a potion of haste.
You feel yourself speed up.
* * * LOW HITPOINT WARNING * * *
You feel very sick. Something hits you but does no damage.
It was a potion of brilliance.
You feel clever all of a sudden.
* * * LOW HITPOINT WARNING * * *
You feel sick.
It was a potion of flight.
You feel very buoyant.
You fly up into the air.
* * * LOW HITPOINT WARNING * * *
You feel sick.
You hear some strange, mumbled words.
Something tries to affect you, but you resist.
It was a potion of cancellation.
Your magical effects are unravelling.
You feel magically purged.
You feel yourself slow down.
You float gracefully downwards.
You feel a little less clever now.
* * * LOW HITPOINT WARNING * * *
You feel sick. Something hits you!
You die...

###########
#(<.......#
#.{.......#
#...@.....#
#.........#
#.......<.#
#.........#
#>........#
#..<....$.#
#...........
#...........
####.##.##...


There were no monsters in sight!

Vanquished Creatures
  A dart slug (D:1)
  5 endoplasms
  A giant cockroach (D:2)
  4 hobgoblins
  4 jackals (D:1)
  4 quokkas
  2 ball pythons (D:1)
  A bat (D:3)
  3 frilled lizards (D:1)
  3 goblins
  11 kobolds
  6 rats
45 creatures vanquished.

Notes
Turn   | Place    | Note
-------+----------+-------------------------------------------
     0 | D:1      | graymark the Demonspawn Gladiator began the quest for the
                  | Orb.
     0 | D:1      | Reached XP level 1. HP: 16/16 MP: 1/1
   314 | D:1      | Gained mutation: You have a small tail. [demonic ancestry]
   314 | D:1      | Reached XP level 2. HP: 22/22 MP: 2/2
   407 | D:1      | Found a faded altar of an unknown god.
   537 | D:1      | Reached XP level 3. HP: 28/28 MP: 3/3
  1326 | D:2      | Found a broken altar of Ashenzari.
  1411 | D:3      | Noticed Sigmund
  1708 | D:3      | HP: 1/28 [poisoned by Sigmund]
  1708 | D:3      | Mangled by Sigmund

Illustrated notes

Levels and vault maps discovered:
D:1:      minmay_arrival_nine_rooms, layout_basic, serial_glass,
          glass_columns_c, glass_columns_c, shapermc_ecumenical_altar_venn
D:2:      layout_rooms, basic_altar
D:3:      layout_rooms, mainiacjoe_overflow_paths, doesnt_xom_only_xom,
          serial_shops, shop_coins, uniq_sigmund

Skill      XL: |  1  2 |
---------------+-------+-----
Axes           | 3 |  3.2
Dodging        | 3 |  3.2
Fighting       | |  2.8
Throwing       | |  1.7

Action                     || total
---------------------------++-------
  Melee: War axe           ||   117
         Tailslap          ||    11
         Punch             ||     2
  Throw: Javelin           ||     1
         Throwing net      ||     1
    Use: Potion            ||     4
 Armour: Leather armour    ||    42
  Dodge: Dodged            ||    83

Table legend: (Time is in decaauts)
 A = Elapsed time spent in this place.
 B = Non-inter-level travel time spent in this place.
 C = Inter-level travel time spent in this place.
 D = Time resting spent in this place.
 E = Time spent auto-exploring this place.
 F = Levels seen in this place.
 G = Mean time per level.
                   A        B        C        D        E       F      G
               +--------+--------+--------+--------+--------+-----+--------+
         Total |   1753 |   1658 |     95 |    330 |    701 |   3 |  584.3 |
       Dungeon |   1753 |   1658 |     95 |    330 |    701 |   3 |  584.3 |
               +--------+--------+--------+--------+--------+-----+--------+

Top non-repeatable levels by time:
     D:1: 985 daAuts
     D:2: 725 daAuts
     D:3: 42 daAuts
